 Dungeon Crawl Stone Soup version 0.27.1-1-g398f81649c (webtiles) character file.

Game seed: 16308068409745366122

30 acemry the Changer (level 3, -3/23 HPs)
             Began as an Octopode Transmuter on Sept 5, 2021.
             Slain by a phantom (6 damage)
             ... on level 2 of the Dungeon.
             The game lasted 00:01:19 (1686 turns).

acemry the Changer (Octopode Transmuter)            Turns: 1686, Time: 00:01:19

Health: -3/23      AC:  1    Str:  9    XL:     3   Next: 20%
Magic:  5/6        EV: 13    Int: 16    God:
Gold:   14         SH:  0    Dex: 12    Spells: 5/6 levels left

rFire    . . .     SeeInvis .     - Unarmed
rCold    . . .     Faith    .   (no shield)
rNeg     . . .     Spirit   .   (helmet currently unavailable)
rPois    .         Reflect  .   (no amulet)
rElec    .         Harm     .   (no ring)
rCorr    .         Rampage  .   (no ring)
Will     .....                  (no ring)
Stlth    ++........             (no ring)
HPRegen  0.07/turn              (no ring)
MPRegen  0.10/turn              (no ring)
                                (no ring)
                                (no ring)

@: appendages (expiring)
A: tentacle spike 3, almost no armour, amphibious, 8 rings, camouflage 1,
gelatinous body 1, (nimble swimmer 1), tentacles
a: End Transformation


You were on level 2 of the Dungeon.
One of your tentacles had grown a beastly spike.
You visited 1 branch of the dungeon, and saw 2 of its levels.

You collected 14 gold pieces.

Inventory:

Scrolls
 b - a scroll of enchant armour {unknown}
Potions
 a - a potion of invisibility {unknown}
 c - a potion of heal wounds {unknown}
 d - a potion of attraction {unknown}
 e - a potion of flight {unknown}


   Skills:
 - Level 1.0 Fighting
 - Level 2.0 Dodging
 - Level 3.2 Unarmed Combat
 - Level 2.0 Spellcasting
 + Level 3.3 Transmutations


You had 5 spell levels left.
You knew the following spells:

 Your Spells              Type           Power      Damage    Failure   Level
a - Beastly Appendage     Tmut           24%        N/A       5%          1

Your spell library contained the following spells:

 Spells                   Type           Power      Damage    Failure   Level
 Wereblood                Tmut           12%        N/A       8%          2
 Spider Form              Tmut/Pois      3%         N/A       30%         3
 Ice Form                 Ice/Tmut       7%         N/A       71%         4


Dungeon Overview and Level Annotations

Branches:
Dungeon (2/15)

Altars:


Innate Abilities, Weirdness & Mutations

One of your tentacles has grown a beastly spike.
You cannot wear most types of armour.
You are amphibious.
You can wear up to eight rings at the same time.
Your skin changes colour to match your surroundings (Stealth+).
Your rubbery body absorbs attacks. (AC +1, EV +1)
((You are camouflaged near water. (Stealth+)))
You have tentacles for arms and can constrict up to eight enemies at once.


Message History

Your transformation is almost over.
You see here a ball python corpse.
Your tentacle spike disappears.
Found a ring mail.
Found a stone staircase leading down.
You see here a +0 ring mail.
A ball python comes into view.
A ball python is nearby!
There is a stone staircase leading down here.
A phantom comes into view.
One of your tentacles grows a vicious spike.
The ball python hisses angrily.
The ball python bites you. The ball python closely misses you.
The ball python bites you. The ball python barely misses you.
You closely miss the ball python. Your grab misses the ball python.
You squeeze the ball python.
The ball python is severely wounded.
The ball python misses you. The ball python closely misses you.
You tentacle-slap the ball python.
You kill the ball python!
The phantom closely misses you.
You tentacle-slap the phantom.
Your tentacle spike misses the phantom.
You tentacle-slap the phantom, but do no damage.
Your squeeze misses the phantom.
The phantom is lightly damaged.
The phantom hits you!
The phantom blinks!
You blink.
You are too injured to fight recklessly!
You are too injured to fight recklessly!
You are too injured to fight recklessly!
You are too injured to fight recklessly!
You tentacle-slap the phantom.
The phantom is lightly damaged.
Your transformation is almost over.
The phantom hits you!
* * * LOW HITPOINT WARNING * * *
You barely miss the phantom.
You squeeze the phantom, but do no damage.
The phantom is lightly damaged.
The phantom hits you.
You die...

..W ...# #8. #..#
+..##..#####
###8..ยง......#
#........###.#
#.#####.## #.# #.#
.######>####.#####
#........@.......#
#.......W.....##.#
##.#####.####..##.#
#........# #..##.#
.......[.# #..##.##
#..#####.# #......#
#.# ##.##..#
..#####.#####.##..#
..............##..##


You could see a phantom.

Vanquished Creatures
  A dart slug (D:2)
  5 ball pythons
  6 endoplasms (D:1)
  A goblin (D:2)
  2 hobgoblins (D:1)
  2 jackals (D:1)
  A quokka (D:1)
  3 bats (D:1)
  A frilled lizard (D:1)
  2 kobolds (D:1)
  A rat (D:1)
25 creatures vanquished.

Notes
Turn   | Place    | Note
-------+----------+-------------------------------------------
     0 | D:1      | acemry the Octopode Transmuter began the quest for the Orb.
     0 | D:1      | Reached XP level 1. HP: 13/13 MP: 3/3
   336 | D:1      | Reached XP level 2. HP: 13/18 MP: 3/5
  1405 | D:1      | Reached XP level 3. HP: 20/23 MP: 4/6
  1677 | D:2      | Noticed a phantom
  1686 | D:2      | Slain by a phantom

Illustrated notes

Levels and vault maps discovered:
D:1:      lightli_arrival_statuegarden, layout_basic
D:2:      layout_loops_ring, dreamdust_ecumenical_altar_angels_and_demons

Skill      XL: |  1  2 |
---------------+-------+-----
Transmutations | 3 |  3.3
Fighting       | |  1.0
Dodging        | |  2.0
Unarmed Combat | |  3.2
Spellcasting   | |  2.0

Action                   || total
-------------------------++-------
Melee: Unarmed           ||    59
       Tentacles         ||    11
       Constrict         ||    10
       Kick              ||     9
       Punch             ||     2
 Cast: Beastly Appendage ||    20
 Stab: Sleeping          ||     5
Armor: Skin              ||     4
Dodge: Dodged            ||    26
